Map: Void Training Stage 2

Players

Pain - Winner!

  • Race: Terran Terran
  • Spawn Location: 7:00

Player 2

  • Race: Zerg Zerg
  • Spawn Location: 3:00

VOD

Have the link to the VOD?

Description

Time

  • Played on: Jan. 4, 2017, 4:44 p.m.
  • Length: 14:05
Show
View Real Time Build Order
Export as new Build Order

Pain Terran - Winner!

Build Orders:  

Get SALT Encoding   

  12  0:13  SCV  
  13  0:25  SCV  
  14  0:35  Supply Depot  
  14  0:38  SCV  
  15  0:59  Refinery  
  15  1:15  Barracks  
  15  1:21  SCV  
  16  1:33  SCV  
  16  1:34  Supply Depot  
  17  1:45  SCV  
  18  1:58  SCV  
  19  2:10  SCV  
  19  2:14  Engineering Bay  
  20  2:22  SCV, Barracks Tech Lab  
  21  2:30  Barracks  
  21  2:34  SCV  
  22  2:39  Supply Depot  
  22  2:46  SCV  
  22  2:48  Refinery  
  23  2:54  Marauder  
  23  2:58  SCV  
  26  3:10  SCV  
  26  3:11  Bunker  
  27  3:15  Marauder  
  29  3:22  SCV  
  30  3:34  SCV  
  30  3:37  Marauder  
  33  3:46  SCV  
  34  3:58  Marauder  
  34  3:59  SCV  
  37  4:05  Command Center  
  37  4:11  SCV  
  37  4:15  Supply Depot  
  38  4:17  Terran Infantry Weapons Level 1  
  38  4:20  Supply Depot  
  38  4:29  Engineering Bay  
  38  4:46  Barracks Reactor  
  38  4:59  Terran Infantry Armor Level 1  
  38  5:11  Marauder  
  40  5:31  SCV x2  
  40  5:32  Marauder  
  44  5:43  SCV x2  
  46  5:54  Marauder  
  46  5:55  SCV  
  49  6:07  SCV  
  50  6:11  Hi-Sec Auto Tracking  
  50  6:15  Marauder, Marine x2  
  54  6:19  SCV  
  55  6:33  Marine x2  
  55  6:36  Marauder  
  55  6:38  SCV, Supply Depot  
  60  6:50  SCV  
  60  6:51  Marine x2  
  60  6:53  Neosteel Frame  
  63  6:57  Marine  
  64  7:02  SCV  
  65  7:09  Marine x2  
  65  7:14  SCV, Factory  
  65  7:15  Marine  
  69  7:19  Factory  
  69  7:22  Supply Depot  
  69  7:26  SCV  
  70  7:33  Marine  
  69  7:49  Marine x2  
  69  7:51  Marine  
  72  8:07  Supply Depot, Marine x2  
  72  8:08  Marine  
  75  8:22  Factory Tech Lab  
  75  8:23  Factory Reactor  
  75  8:25  Marine x2  
  79  8:27  Marauder  
  81  8:48  Marauder  
  81  8:49  Factory Reactor  
  81  9:00  Supply Depot  
  81  9:16  Refinery  
  81  9:18  Supply Depot  
  81  9:22  Cyclone  
  84  9:34  Building Armor  
  84  9:44  Cyclone x2  
  90  9:54  Cyclone  
  93  10:07  Orbital Command  
  93  10:16  Cyclone  
  96  10:27  Cyclone  
  99  10:59  Cyclone  
  102  11:31  Cyclone  
  105  11:36  Armory  
  105  11:41  Supply Depot  
  94  13:05  Marine x3  
  97  13:22  Marine  
  97  13:23  Hellion x2, Marine x2  
  97  13:24  Hellion  
  106  13:40  Marine x2  
  110  13:41  Marauder  
  116  13:58  Supply Depot  
Show
View Real Time Build Order
Export as new Build Order

Player 2 Zerg 

Build Orders: Pool First 

Get SALT Encoding   

  12  0:00  Drone  
  13  0:12  Overlord  
  13  0:18  Drone  
  14  0:30  Drone  
  14  0:35  Drone  
  16  0:43  Spawning Pool  
  16  0:44  Extractor  
  16  0:47  Drone  
  15  0:52  Drone  
  16  0:59  Overlord  
  16  1:29  Queen  
  16  1:30  Zergling x2  
  19  1:35  Roach Warren  
  19  1:36  Extractor  
  19  1:39  Drone  
  18  1:43  Drone  
  19  1:57  Zergling x2  
  20  2:08  Overlord  
  20  2:23  Roach  
  22  2:38  Drone  
  22  2:43  Drone  
  24  2:50  Roach  
  26  2:53  Overlord  
  26  2:58  Drone  
  26  3:03  Drone  
  28  3:08  Drone  
  29  3:13  Drone  
  29  3:16  Roach  
  32  3:43  Roach  
  34  4:09  Roach  
  36  7:08  Overlord, Lair, Drone  
  37  7:16  Hatchery  
  37  7:17  Drone  
  37  7:33  Zergling x2  
  26  7:51  Zergling x2  
  27  8:05  Overseer x2  
  27  8:07  Infestation Pit  
  27  8:09  Roach, Hydralisk Den  
  27  8:10  Drone  
  28  8:27  Roach  
  30  8:28  Drone  
  30  8:32  Drone  
  32  8:37  Drone  
  32  8:38  Extractor  
  32  8:39  Extractor  
  32  8:41  Drone  
  32  8:44  Hydralisk  
  32  8:45  Drone  
  35  8:50  Drone  
  35  8:54  Drone  
  37  8:58  Drone  
  37  9:02  Infestor  
  40  9:03  Drone  
  40  9:07  Drone  
  42  9:11  Drone  
  42  9:15  Drone  
  44  9:19  Hydralisk  
  44  9:20  Drone  
  47  9:24  Drone  
  47  9:28  Drone  
  49  9:33  Drone  
  49  9:37  Drone  
  51  9:41  Drone  
  52  9:45  Drone  
  52  9:47  Overlord  
  52  9:50  Drone  
  54  9:54  Drone  
  54  9:58  Drone  
  56  10:03  Drone  
  57  10:07  Drone  
  57  10:11  Drone  
  59  10:15  Drone  
  60  11:58  Overseer, Pneumatized Carapace  
  60  11:59  Overlord, Roach  
  62  12:01  Evolution Chamber  
  59  12:11  Roach  
  53  12:19  Hatchery  
  50  12:23  Overlord, Zergling x2, Overseer  
  49  12:36  Roach  
  49  12:40  Evolution Chamber  
  49  12:41  Overlord  
  47  12:48  Infestor  
  49  12:52  Overseer  
  49  12:57  Overseer  
  46  13:00  Overlord, Hydralisk  
  42  13:07  Drone  
  42  13:08  Overseer  
  42  13:12  Hydralisk  
  34  13:19  Overlord  
  36  13:22  Spawning Pool  
  36  13:26  Evolution Chamber  
  29  13:34  Drone  
  29  13:38  Drone  
  18  13:43  Drone  
  18  13:47  Drone  
  16  13:52  Drone  
Tags
 
Matchup
TvZ
Opening
Pool First
Replay Pack
RP
Spawn Locations
Cross Positions
Add a new tag
Caveats
  • Supply blocks, unpowered buildings, or Contaminate may cause inaccurate times.
  • Supply counts are checked every 10 seconds.